 Dungeon Crawl Stone Soup version 0.31-a0-216-g22e908daa7 (webtiles) character file.

Game seed: 9521429276518893391

34 qw the Shooter (level 3, -7/21 HPs)
             Began as a Gargoyle Hexslinger on July 2, 2023.
             Mangled by a gnoll
             ... wielding a +0 flail
              (8 damage)
             ... on level 2 of the Dungeon.
             The game lasted 00:00:37 (1283 turns).

qw the Shooter (Gargoyle Hexslinger)                Turns: 1283, Time: 00:00:37

Health: -7/21      AC:  6    Str: 11    XL:     3   Next: 31%
Magic:  4/4        EV: 11    Int: 13    God:
Gold:   197        SH:  0    Dex: 14    Spells: 3/4 levels left

rFire   . . .        Y - +1 sling (drain)
rCold   . . .        (no shield)
rNeg    + . .        i - +0 leather armour
rPois   inf          (no helmet)
rElec   +            (no cloak)
rCorr   .            (no gloves)
SInv    .            (no boots)
Will    .....        (no amulet)
Stlth   +            (no ring)
HPRegen 0.23/turn    (no ring)
MPRegen 0.09/turn

%: no passive effects
@: no status effects
A: sickness immunity, AC +3, negative energy resistance 1, electricity
resistance, torment resistance 1, petrification resistance
a: no special abilities


You were on level 2 of the Dungeon.
You visited 1 branch of the dungeon, and saw 2 of its levels.

You collected 197 gold pieces.


Innate Abilities, Weirdness & Mutations

You are immune to sickness and miasma.
Your stone body is resilient. (AC +3)
You are immune to poison.
You resist negative energy. (rN+)
You are resistant to electric shocks. (rElec)
You are resistant to unholy torment.
You are immune to petrification.


   Skills:
 - Level 2.0 Fighting
 + Level 3.3 Ranged Weapons
 - Level 1.5 Dodging
 - Level 1.0 Spellcasting
 - Level 2.6 Hexes


You had 3 spell levels left.
You knew the following spells:

 Your Spells              Type           Power      Damage    Failure   Level
a - Slow                  Hex            28%        N/A       12%         1

Your spell library contained the following spells:

 Spells                   Type           Power      Damage    Failure   Level
 Inner Flame              Hex/Fire       4%         N/A       54%         3
 Portal Projectile        Hex/Tloc       8%         N/A       54%         3
 Cause Fear               Hex            3%         N/A       77%         4

Inventory:

Hand Weapons
 Y - a +1 sling of draining (weapon)
Armour
 i - a +0 leather armour (worn)
Jewellery
 a - a ring of willpower
 j - an amulet of faith
Scrolls
 b - a scroll of butterflies {unknown}
 c - 4 scrolls of blinking {unknown}
 e - a scroll of fog {unknown}
Potions
 d - a potion of lignification {unknown}
 f - a potion of attraction {unknown}
 h - a potion of curing {unknown}

Dungeon Overview and Level Annotations

Branches:
Dungeon (2/15)

Altars:

Annotations:
D:2 Sigmund


Message History

Enter note:
There is a stone staircase leading down here. 2 gnolls come into view.
The gnoll shouts!
You hear a shout!
A gnoll comes into view. It is wielding a +0 spear.
Enter note:
Enter note:
Enter note:
Enter note:
Enter note:
Enter note:
Enter note:
Enter note:
1273 ||| Stepping ~*~*~tactically~*~*~ (outnumbered).
1275 ||| Stepping ~*~*~tactically~*~*~ (outnumbered).
The gnoll throws a throwing net.
The throwing net hits you.
You become entangled in the net!
You see here a throwing net.
You tear a large gash into the net.
You struggle against the net.
The gnoll hits you with a +0 whip.
You shred the net and break free! The gnoll completely misses you.
You shoot a sling bullet.
The sling bullet hits the gnoll but does no damage.
You drain the gnoll.
The gnoll is moderately wounded.
You shoot a sling bullet. The sling bullet hits the gnoll.
The gnoll is moderately wounded.
The gnoll misses you. The gnoll hits you with a +0 flail.
You shoot a sling bullet.
The sling bullet closely misses the gnoll.
The gnoll hits you but does no damage. The gnoll hits you with a +0 flail!
The gnoll hits you with a +0 whip.
You shoot a sling bullet. The sling bullet hits the gnoll.
You drain the gnoll.
You kill the gnoll!
The gnoll barely misses you.
The gnoll hits you from afar with a +0 spear.
The gnoll closely misses you. The gnoll hits you with a +0 flail!
You die...

.# .# .# ####### .#
......# .# #####.#
.# #.# .# #.# g#
#.# ########g# #)#
#......@)# #.#
#.######## #.# #.#
#.# #.# #.#
#.######## #.#
#........# #.#
#..#####.#
#####.####..#####.#
................#.#


You could see 2 gnolls.

Vanquished Creatures
  A gnoll (D:2)
  7 bats
  5 endoplasms
  2 giant cockroaches
  5 goblins
  2 kobolds
  4 ball pythons
  4 frilled lizards
  3 rats
33 creatures vanquished.

Notes
Turn   | Place    | Note
-------+----------+-------------------------------------------
     0 | D:1      | qw the Gargoyle Hexslinger began the quest for the Orb.
     0 | D:1      | Reached XP level 1. HP: 12/12 MP: 2/2
     0 | D:1      | 0 ||| qw: Version: 0.3-a-39-g4513739
     0 | D:1      | 0 ||| qw: Game counter: 7890
     0 | D:1      | 0 ||| qw: Melee chars always use a shield: true
     0 | D:1      | 0 ||| qw: God list: Okawaru
     0 | D:1      | 0 ||| qw: Allow faded altars: false
     0 | D:1      | 0 ||| qw: Do Orc after clearing Dungeon:15 true
     0 | D:1      | 0 ||| qw: Do second Lair branch before Depths: true
     0 | D:1      | 0 ||| qw: Lair rune preference: random
     0 | D:1      | 0 ||| qw: Goals: Normal
     0 | D:1      | 0 ||| PLANNING D:1-11
    87 | D:1      | Reached XP level 2. HP: 16/16 MP: 3/3
   318 | D:1      | Reached skill level 3 in Ranged Weapons
   626 | D:1      | 626 ||| UPGRADING to +0 leather armour.
   636 | D:1      | 636 ||| DROPPING +0 robe.
   637 | D:1      | 637 ||| READING scroll labelled BAUS YWUSA.
   638 | D:1      | 638 ||| READING scroll labelled HINU EPSEBE.
   639 | D:1      | 639 ||| READING scroll labelled ALUUMI DOMNUT.
   640 | D:1      | 640 ||| DROPPING scroll of poison.
   727 | D:2      | Reached XP level 3. HP: 21/21 MP: 4/4
   727 | D:2      | Noticed Sigmund
   734 | D:2      | 734 ||| READING scroll labelled TIGITUAVON.
  1273 | D:2      | 1273 ||| Stepping ~*~*~tactically~*~*~ (outnumbered).
  1275 | D:2      | 1275 ||| Stepping ~*~*~tactically~*~*~ (outnumbered).
  1282 | D:2      | HP: 3/21 [gnoll/+0 flail (10)]
  1283 | D:2      | HP: 1/21 [gnoll/+0 spear (2)]
  1283 | D:2      | Mangled by a gnoll

Levels and vault maps discovered:
D:1:      reono_arrival_forest_river, layout_rooms, minmay_strange_pillars,
          minmay_misc_feat_cross
D:2:      layout_loops_ring, dreamdust_wishing_well, uniq_sigmund

Skill      XL: |  1  2 |
---------------+-------+-----
Ranged Weapons | 3 |  3.3
Fighting       | 2 |  2.0
Dodging        | |  1.5
Spellcasting   | |  1.0
Hexes          | |  2.6

Action                     || total
---------------------------++-------
   Fire: Sling             ||   107
    Use: Scroll            ||     4
 Armour: Robe              ||    10
         Leather armour    ||    13
  Dodge: Dodged            ||    24

Table legend:
 A = Non-vault XP
 B = Vault XP
 C = Vault XP percentage of total XP
 D = Non-vault monster count
 E = Vault monster count
 F = Vault count percentage of total count
                 A         B        C        D         E       F
            +---------+---------+-------+---------+---------+-------
      Total |      63 |       0 |   0.0 |      33 |       0 |   0.0
            +---------+---------+-------+---------+---------+-------
        D:1 |      32 |       0 |   0.0 |      21 |       0 |   0.0
        D:2 |      31 |       0 |   0.0 |      12 |       0 |   0.0
            +---------+---------+-------+---------+---------+-------
